 Dungeon Crawl Stone Soup version 0.30-a0-743-gbfdf073431 (webtiles) character file.

Game seed: 6506857281205538927

4 cforsyth the Caller (level 1, 0/10 HPs)
             Began as a Tengu Summoner on Feb 8, 2023.
             Slain by a quokka (1 damage)
             ... on level 1 of the Dungeon.
             The game lasted 00:00:48 (302 turns).

cforsyth the Caller (Tengu Summoner)                 Turns: 302, Time: 00:00:48

Health: 0/10       AC:  2    Str:  8    XL:     1   Next: 70%
Magic:  2/4        EV: 12    Int: 15    God:
Gold:   27         SH:  0    Dex: 14    Spells: 3/4 levels left

rFire   . . .      SeeInvis .    (no weapon)
rCold   . . .      Faith    .    (no shield)
rNeg    . . .      Spirit   .    a - +0 robe
rPois   .          Reflect  .    (helmet restricted)
rElec   .          Harm     .    (no cloak)
rCorr   .          Rampage  .    (no gloves)
Will    .....                    (boots unavailable)
Stlth   ++                       (no amulet)
HPRegen 0.21/turn                (no ring)
MPRegen 0.09/turn                (no ring)

@: no status effects
A: beak, talons 3
a: no special abilities


You were on level 1 of the Dungeon.
You visited 1 branch of the dungeon, and saw 1 of its levels.

You collected 27 gold pieces.

Inventory:

Armour
 a - a +0 robe (worn)
Scrolls
 d - a scroll of teleportation {unknown}
 f - a scroll of blinking {unknown}
Potions
 b - a potion of magic
 c - a potion of invisibility {unknown}
 e - a potion of brilliance {unknown}
 g - a potion of mutation {unknown}


   Skills:
 - Level 2.1 Dodging
 - Level 2.0 Stealth
 + Level 2.2 Spellcasting
 + Level 5.0 Summonings


You had 3 spell levels left.
You knew the following spells:

 Your Spells              Type           Power      Damage    Failure   Level
a - Summon Small Mammal   Summ           64%        N/A       2%          1

Your spell library contained the following spells:

 Spells                   Type           Power      Damage    Failure   Level
 Call Imp                 Summ           16%        N/A       4%          2
 Call Canine Familiar     Summ           16%        N/A       9%          3
 Summon Guardian Golem    Hex/Summ       9%         N/A       24%         3
 Summon Lightning Spire   Summ/Air       9%         N/A       61%         4


Dungeon Overview and Level Annotations

Branches:
Dungeon (1/15)

Altars:


Innate Abilities, Weirdness & Mutations

You have a beak for a mouth.
You have claws for feet.


Message History

No target in view!
No target in view!
Your rat disappears in a puff of smoke!
Found a stone staircase leading down.
Your rat disappears in a puff of smoke!
There is a stone staircase leading down here.
A frilled lizard comes into view.
A frilled lizard is nearby!
A frilled lizard is nearby!
Your rat bites the frilled lizard.
The frilled lizard dies!
You swap places.
A quokka comes into view.
A quokka is nearby!
A quokka is nearby!
You swap places.
The quokka closely misses you. x2
You hit the quokka but do no damage. Your kick misses the quokka.
The quokka barely misses you.
You closely miss the quokka. You peck the quokka, but do no damage.
Your rat disappears in a puff of smoke!
The quokka bites you.
You closely miss the quokka. Your kick misses the quokka. The quokka bites you.
You miss the quokka.
Your rat disappears in a puff of smoke!
The quokka bites you.
You are too injured to fight recklessly!
You are too injured to fight recklessly!
You are too injured to fight recklessly!
You are too injured to fight recklessly!
The quokka barely misses you.
You are too injured to fight recklessly!
You are too injured to fight recklessly!
Casting: Summon Small Mammal (safe; 2% risk of failure)
Confirm with . or Enter, or press ? or * to list all spells.
The quokka bites you.
* * * LOW HITPOINT WARNING * * *
Casting: Summon Small Mammal (safe; 2% risk of failure)
Confirm with . or Enter, or press ? or * to list all spells.
The quokka bites you.
You die...

# #..# ####.#..##
# #..# #.........
####..#
#.##.#.###. ##
......# #.##..##
..
####.####.#...##
.# #
#............# #.#
#
#..###.##....###r#
#. #..#
#........r.#######
##.^ #..#
#.#######@........
#.. #......#
#r######## ...
...# ### #.# #.#
#...# #.# #.# #...
#.# ###.# #.#
##...## #.#
##..#..# ..#
#..###.# ###
#.###<..


You could see a quokka (ally target) and 2 friendly quokkas.

Vanquished Creatures
  A bat (D:1)
  A rat (D:1)
2 creatures vanquished.

Vanquished Creatures (collateral kills)
  A quokka (D:1)
  A frilled lizard (D:1)
  A kobold (D:1)
3 creatures vanquished.

Grand Total: 5 creatures vanquished

Notes
Turn   | Place    | Note
-------+----------+-------------------------------------------
     0 | D:1      | cforsyth the Tengu Summoner began the quest for the Orb.
     0 | D:1      | Reached XP level 1. HP: 10/10 MP: 4/4
   222 | D:1      | Reached skill level 5 in Summonings
   302 | D:1      | Slain by a quokka

Illustrated notes

Levels and vault maps discovered:
D:1:      dpeg_arrival_round_a, layout_loops_ring, ebering_ecumenical_altar_mist

Skill      XL: |  1 |
---------------+----+-----
Summonings     | 5 |  5.0
Dodging        | |  2.1
Stealth        | |  2.0
Spellcasting   | |  2.2

Action                     || total
---------------------------++-------
  Melee: Unarmed           ||    12
         Kick              ||     3
         Peck              ||     2
         Punch             ||     1
   Cast: Summon Small Mamm ||    10
 Armour: Robe              ||     1
  Dodge: Dodged            ||    16

Table legend: (Time is in decaauts)
 A = Elapsed time spent in this place.
 B = Non-inter-level travel time spent in this place.
 C = Inter-level travel time spent in this place.
 D = Time resting spent in this place.
 E = Time spent auto-exploring this place.
 F = Levels seen in this place.
 G = Mean time per level.
                   A        B        C        D        E       F      G
               +--------+--------+--------+--------+--------+-----+--------+
         Total |    302 |    302 |      0 |      0 |    228 |   1 |  302.0 |
       Dungeon |    302 |    302 |      0 |      0 |    228 |   1 |  302.0 |
               +--------+--------+--------+--------+--------+-----+--------+

Top non-repeatable levels by time:
     D:1: 302 daAuts
